 Dungeon Crawl Stone Soup version 0.21-a0-150-gc243083 (webtiles) character file.

7 drasked the Stinger (level 1, -4/10 HPs)
             Began as a Deep Elf Venom Mage on July 26, 2017.
             Slain by a gnoll
             ... wielding a +0 whip
              (7 damage)
             ... on level 1 of the Dungeon.
             The game lasted 00:01:34 (252 turns).

drasked the Stinger (Deep Elf Venom Mage)            Turns: 252, Time: 00:01:35

Health: -4/10      AC:  2    Str:  5    XL:     1   Next: 91%
Magic:  1/6        EV: 13    Int: 19    God:
Gold:   0          SH:  0    Dex: 15    Spells: 5/6 levels left

rFire    . . .     SeeInvis .   (no weapon)
rCold    . . .     Gourm    .   (no shield)
rNeg     . . .     Faith    .   a - +0 robe
rPois    .         Spirit   .   (no helmet)
rElec    .         Reflect  .   (no cloak)
rCorr    .         Harm     .   (no gloves)
MR       .....                  (no boots)
Stlth    ++........             (no amulet)
HPRegen  0.03/turn              (no ring)
MPRegen  0.10/turn              (no ring)

@: no status effects
A: no striking features
a: no special abilities


You were on level 1 of the Dungeon.
You were not hungry.

You visited 1 branch of the dungeon, and saw 1 of its levels.

Inventory:

Armour
 a - a +0 robe (worn)
Books
 b - a Young Poisoner's Handbook
Comestibles
 c - a bread ration {@e1}


   Skills:
 - Level 2.4 Dodging
 - Level 2.4 Stealth
 - Level 3.0 Spellcasting
 + Level 1.7 Conjurations
 + Level 3.6 Poison Magic


You had 5 spell levels left.
You knew the following spells:

 Your Spells              Type           Power        Failure   Level  Hunger
a - Sting                 Conj/Pois      ##..         4%          1    None


Dungeon Overview and Level Annotations

Branches:
Dungeon (1/15)

Altars:


Message History

You take 2 damage, and have 8/10 hp.
You now have 2/6 mp.
Aim: a giant cockroach (clinging)
The sting hits the giant cockroach.
The giant cockroach is poisoned.
You kill the giant cockroach!
You now have 1/6 mp.
You start resting.
Health restored: 10; MP restored: 6 You see here a rat corpse.
You open the door.
There is an open door here.
There is an open door here.
You open the door.
There is an open door here.
As you open the door, it creaks loudly!
A giant cockroach comes into view.
The giant cockroach waves its antennae. 2 giant cockroaches come into view.
Aim: a giant cockroach (clinging)
The sting hits the giant cockroach.
You kill the giant cockroach!
You now have 5/6 mp.
Aim: a giant cockroach (clinging)
The sting misses the giant cockroach.
You now have 4/6 mp.
Aim: a giant cockroach (clinging)
The sting hits the giant cockroach.
The giant cockroach appears unharmed.
You now have 3/6 mp.
Aim: a giant cockroach The sting hits the giant cockroach.
The giant cockroach is poisoned.
You now have 2/6 mp.
Aim: a giant cockroach (moderately wounded, poisoned, clinging)
The sting misses the giant cockroach.
The giant cockroach closely misses you.
You now have 1/6 mp.
You hit the giant cockroach but do no damage.
The giant cockroach bites you but does no damage.
The giant cockroach barely misses you.
You barely miss the giant cockroach.
You kill the giant cockroach!
You see here a giant cockroach corpse.
You start resting.
MP restored: 6 You see here a giant cockroach corpse.
You open the door.
A rat comes into view.
Aim: a rat (resting)
The sting hits the rat.
The rat is poisoned.
You kill the rat!
You now have 5/6 mp.
There is an open door here.
You see here a rat corpse.
There is an open door here.
You open the door.
There is an open door here.
MP restored: 6 You open the door.
You open the door.
There is an open door here.
There is an open door here.
You see here 7 poisoned needles.
There is an open door here.
A frilled lizard and a goblin come into view.
The goblin shouts!
There are monsters nearby!
Aim: a goblin The sting misses the goblin.
The frilled lizard hisses angrily.
You now have 5/6 mp.
Aim: a goblin The sting hits the goblin.
The goblin is poisoned.
A gnoll comes into view. It is wielding a whip.
You now have 4/6 mp.
Aim: a goblin (moderately wounded, poisoned)
The sting hits the goblin.
The goblin looks even sicker.
You now have 3/6 mp.
You kill the goblin!
Aim: a frilled lizard The sting hits the frilled lizard.
You now have 2/6 mp.
Aim: a frilled lizard (heavily wounded)
The sting misses the frilled lizard.
Aim: a frilled lizard (heavily wounded)
The sting hits the frilled lizard.
You kill the frilled lizard!
You now have 1/6 mp.
Aim: a gnoll, wielding a whip The sting hits the gnoll.
The gnoll appears unharmed.
You now have 0/6 mp.
There is an open door here.
You see here 7 poisoned needles.
Aim: a gnoll, wielding a whip The sting misses the gnoll.
The gnoll misses you.
You now have 0/6 mp.
The gnoll hits you with a whip!
Ouch! That really hurt!
* * * LOW HITPOINT WARNING * * *
You take 7 damage, and have 3/10 hp.
MASSIVE DAMAGE!!
The gnoll hits you with a whip!
Ouch! That really hurt!
You die...

#################
#.(.#P..#≈..#...#
#P..#...#.†.#...#
##'###'###'###'##
###....†...†...@..#
#.'......(......g.#
#.#....÷..........#
##.##'###'###'###'##
.#.#...#...#P..#...#
.†.#.<.#...#...#...#
...#################
...# ....


You could see a gnoll.

Vanquished Creatures
  3 giant cockroaches (D:1)
  A goblin (D:1)
  A frilled lizard (D:1)
  2 rats (D:1)
7 creatures vanquished.

Notes
Turn   | Place    | Note
-------+----------+-------------------------------------------
     0 | D:1      | drasked the Deep Elf Venom Mage began the quest for the Orb.
     0 | D:1      | Reached XP level 1. HP: 10/10 MP: 6/6
   252 | D:1      | Slain by a gnoll

Vault maps used:
D:1:      dpeg_arrival_prison, minmay_misc_feat_alley, minmay_nonomino_d4

Action                   || total
-------------------------++-------
Melee: Unarmed           ||     2
 Cast: Sting             ||    21
Armor: Robe              ||     1
Dodge: Dodged            ||     9

Vault maps used:
D:1:      dpeg_arrival_prison, minmay_misc_feat_alley, minmay_nonomino_d4

Table legend:
 A = Turns spent in this place as a percentage of turns spent in the entire game.
 B = Non-inter-level travel turns spent in this place as a percentage of non-inter-level travel turns spent in the entire game.
 C = Inter-level travel turns spent in this place as a percentage of turns spent in this place.
 D = Turns resting spent in this place as a percentage of non-inter-level travel turns spent in this place.
 E = Turns spent auto-exploring this place as a percentage of non-inter-level travel turns spent in this place.
 F = Non-inter-level travel turns spent in this place divided by the number of levels of this place that you've seen.
                   A       B       C       D       E      F
               +-------+-------+-------+-------+-------+----------------------
         Total | 100.0 | 100.0 |   0.0 |   4.6 |   2.3 | 131.0
       Dungeon | 100.0 | 100.0 |   0.0 |   4.6 |   2.3 | 131.0
               +-------+-------+-------+-------+-------+----------------------

Table legend:
 A = Kills in this place as a percentage of kills in entire the game.
 B = Kills by you in this place as a percentage of kills by you in the entire game.
 C = Kills by friends in this place as a percentage of kills by friends in the entire game.
 D = Other kills in this place as a percentage of other kills in the entire game.
 E = Experience gained in this place as a percentage of experience gained in the entire game.
 F = Experience gained in this place divided by the number of levels of this place that you have seen.
                   A       B       C       D       E      F
               +-------+-------+-------+-------+-------+----------------------
         Total | 100.0 | 100.0 |  -nan |  -nan | 100.0 |  11.0
       Dungeon | 100.0 | 100.0 |  -nan |  -nan | 100.0 |  11.0
               +-------+-------+-------+-------+-------+----------------------
